 Dungeon Crawl Stone Soup version 0.19.1 (webtiles) character file.

125 KingBobo974 the Bolt Thrower (level 4, -2/34 HPs)
             Began as a Demonspawn Hunter on Dec 13, 2016.
             Slain by KingBobo974's ghost (11 damage)
             ... on level 3 of the Dungeon.
             The game lasted 00:11:54 (2177 turns).

KingBobo974 the Bolt Thrower (Demonspawn Hunter)    Turns: 2177, Time: 00:11:55

Health: -2/34      AC: 12    Str: 13    XL:     4   Next: 82%
Magic:  4/4        EV: 10    Int: 12    God:
Gold:   157        SH:  0    Dex: 18    Spells: 0 memorised, 3 levels left

rFire  . . .     SeeInvis .     h - +0 hand axe (venom)
rCold  . . .     Gourm    .     o - +0 scale mail
rNeg   . . .     Faith    .     (no shield)
rPois  .         Spirit   .     (no helmet)
rElec  .         Reflect  .     i - +0 cloak
rCorr  .         Harm     .     t - +2 pair of gloves
MR     .....     Rnd*Tele +     (no boots)
Stlth  ++........               (no amulet)
                                p - +2 ring of protection
                                n - ring of teleportation

@: no status effects
A: thin skeletal structure 2
a: no special abilities


You were on level 3 of the Dungeon.
You were not hungry.

You visited 1 branch of the dungeon, and saw 3 of its levels.

You collected 157 gold pieces.

Inventory:

Hand Weapons
 a - a +1 hand crossbow
 b - a +0 short sword
 h - a +0 hand axe of venom (weapon)
Armour
 c - a +0 leather armour
 g - a +0 pair of gloves
 i - a +0 cloak (worn)
 o - a +0 scale mail (worn)
 t - a +2 pair of gloves (worn)
Jewellery
 n - a ring of teleportation (left hand)
 p - a +2 ring of protection (right hand)
Scrolls
 k - a scroll of teleportation
 l - 4 scrolls of identify
 q - 2 scrolls of random uselessness
 s - a scroll of blinking
 v - a scroll of remove curse
 w - a scroll of enchant weapon {unknown}
Potions
 e - a potion of curing
Books
 r - a book of Cantrips

   Spells                             Type                      Level
   a - Confusing Touch                Hexes                        1
   b - Animate Skeleton               Necromancy                   1
   c - Summon Small Mammal            Summoning                    1
   d - Apportation                    Translocation                1
Comestibles
 f - 2 bread rations
 j - a slice of pizza
 m - a meat ration
 u - a beef jerky


   Skills:
 + Level 2.4 Fighting
 * Level 4.9 Crossbows
 + Level 2.3 Dodging
 + Level 2.0 Stealth


You had 3 spell levels left.
You didn't know any spells.

Dungeon Overview and Level Annotations

Branches:
Dungeon (3/15)

Altars:
The Shining One

Annotations:
D:3 KingBobo974's ghost, amateur DsGl


Innate Abilities, Weirdness & Mutations

You have a moderately thin skeletal structure. (Dex +4, Stealth+)


Message History

h - a +0 hand axe of venom (weapon)
You are too injured to fight recklessly!
You are too injured to fight recklessly!
You are too injured to fight recklessly!
You are too injured to fight recklessly!
You barely miss KingBobo974's ghost.
KingBobo974's ghost is heavily damaged.
KingBobo974's ghost barely misses you.
KingBobo974's ghost hits you but does no damage.
You hit KingBobo974's ghost.
KingBobo974's ghost is heavily damaged.
KingBobo974's ghost hits you.
* * * LOW HITPOINT WARNING * * *
Your scale mail prevents you from hitting KingBobo974's ghost.
KingBobo974's ghost is heavily damaged.
KingBobo974's ghost closely misses you.
You hit KingBobo974's ghost but do no damage.
KingBobo974's ghost is heavily damaged.
KingBobo974's ghost hits you!
You die...

≈≈≈ ≈≈ #≈≈ #≈≈
+... +...######
+........#######.
#≈≈##.##.@W((((((
#(##########(
#....# #.# ####
####.# #.# #...
##.### #.# #...
#....# #.# #...
#....#####.# ####
#....+..##.# #
##....##.##.# #


You could see KingBobo974's ghost.

Vanquished Creatures
  6 adders
  3 worms
  2 dart slugs (D:1)
  A leopard gecko (D:3)
  2 orcs (D:3)
  3 giant cockroaches
  6 hobgoblins
  5 jackals (D:3)
  A quokka (D:3)
  3 bats (D:2)
  5 frilled lizards
  6 goblins
  9 kobolds
  6 rats
  5 plants (D:2)
63 creatures vanquished.

Notes
Turn   | Place    | Note
-------+----------+-------------------------------------------
     0 | D:1      | KingBobo974 the Demonspawn Hunter began the quest for the Orb.
     0 | D:1      | Reached XP level 1. HP: 16/16 MP: 1/1
   214 | D:1      | Reached skill level 1 in Stealth
   369 | D:1      | Reached skill level 4 in Crossbows
   369 | D:1      | Gained mutation: You have a somewhat thin skeletal structure. (Dex +2, Stealth) [demonic ancestry]
   369 | D:1      | Reached XP level 2. HP: 22/22 MP: 2/2
   628 | D:2      | Reached XP level 3. HP: 27/27 MP: 3/3
  1276 | D:2      | Gained mutation: You have a moderately thin skeletal structure. (Dex +4, Stealth+) [demonic ancestry]
  1276 | D:2      | Reached XP level 4. HP: 33/33 MP: 4/4
  1916 | D:3      | Found a glowing golden altar of the Shining One.
  2153 | D:3      | Noticed KingBobo974's ghost (amateur DsGl)
  2177 | D:3      | Slain by KingBobo974's ghost

Skill      XL: |  1  2  3  4 |
---------------+-------------+-----
Stealth        | 1 2 |  2.0
Crossbows      | 4 |  4.9
Dodging        | 2 |  2.3
Fighting       | |  2.4

Action                   |  1- 3 |  4- 6 || total
-------------------------+-------+-------++-------
Melee: Hand axe          |    78 |    11 ||    89
 Fire: Hand crossbow     |    58 |    60 ||   118
  Use: Scroll            |     4 |     4 ||     8
       Potion            |       |     2 ||     2
  Eat: Pizza             |     1 |       ||     1
       Bread ration      |       |     1 ||     1
Armor: Leather armour    |     8 |       ||     8
       Scale mail        |       |     7 ||     7
Dodge: Dodged            |    19 |    14 ||    33
